 Dungeon Crawl Stone Soup version 0.27-a0-1232-gc6a4cbde82 (webtiles) character file.

Game seed: 12777219778599690958

605 patchburns1 the Chopper (level 7, -7/60 HPs)
             Began as a Hill Orc Fighter on June 8, 2021.
             Killed from afar by Dowan (14 damage)
             ... with a stone arrow
             ... on level 4 of the Dungeon.
             The game lasted 00:14:06 (4588 turns).

patchburns1 the Chopper (Hill Orc Fighter)          Turns: 4588, Time: 00:14:07

Health: -7/60      AC: 12    Str: 20    XL:     7   Next: 42%
Magic:  7/7        EV:  6    Int: 11    God:
Gold:   178        SH: 14    Dex: 10    Spells: 6/6 levels left

rFire    + . .     SeeInvis +   a - +0 war axe
rCold    + + .     Faith    .   n - +0 tower shield
rNeg     . . .     Spirit   .   B - +2 scale mail {rC+}
rPois    .         Reflect  .   C - +3 crown of Dyrovepreva {rElec Int+2 SInv}
rElec    +         Harm     .   s - scarf {rC+ rF+}
rCorr    .         Rampage  .   (no gloves)
Will     .....                  (no boots)
Stlth    ..........             (no amulet)
HPRegen  0.20/turn              (no ring)
MPRegen  0.10/turn              (no ring)

@: studying Polearms
A: no striking features
a: no special abilities


You were on level 4 of the Dungeon.
You visited 1 branch of the dungeon, and saw 4 of its levels.

You collected 178 gold pieces.

Inventory:

Hand Weapons
 a - a +0 war axe (weapon)
 g - a +0 hunting sling
 q - a +0 vampiric short sword
Missiles
 h - 96 stones
 v - 31 sling bullets
 D - 8 poisoned darts (quivered)
Armour
 n - a +0 tower shield (worn)
 s - a scarf of resistance (worn)
 w - a +1 ring mail of fire resistance
 B - a +2 scale mail of cold resistance (worn)
 C - the +3 crown of Dyrovepreva (worn) {rElec Int+2 SInv}
   (You found it on level 4 of the Dungeon)

   It affects your intelligence (+2).
   It insulates you from electricity.
   It lets you see invisible.
Wands
 z - a wand of iceblast (6)
Scrolls
 f - a scroll of identify {unknown}
 j - 2 scrolls of enchant armour {unknown}
 l - a scroll of blinking {unknown}
 m - 2 scrolls of magic mapping {unknown}
 p - a scroll of noise {unknown}
 r - a scroll of fear {unknown}
 t - a scroll of acquirement {unknown}
 u - a scroll of enchant weapon {unknown}
 y - a scroll of amnesia {unknown}
 A - a scroll of teleportation {unknown}
Potions
 b - a potion of degeneration {unknown}
 c - 3 potions of lignification {unknown}
 d - a potion of might
 e - 5 potions of curing
 i - 2 potions of brilliance {unknown}
 k - a potion of mutation {unknown}
 o - 2 potions of cancellation {unknown}
 x - 2 potions of heal wounds {unknown}


   Skills:
 + Level 4.8 Fighting
 + Level 5.8 Axes
 + Level 5.5 Armour
 + Level 1.7 Dodging
 + Level 0.4 Stealth
 + Level 5.1 Shields


You had 6 spell levels left.
You didn't know any spells.
Your spell library contained the following spells:

 Spells                   Type           Power      Damage    Failure   Level
 Animate Skeleton         Necr           0%         N/A       100%        1
 Apportation              Tloc           0%         N/A       100%        1
 Corona                   Hex            0%         N/A       100%        1
 Summon Small Mammal      Summ           0%         N/A       100%        1


Dungeon Overview and Level Annotations

Branches:
Dungeon (4/15)
 Temple: D:4-7

Altars:
Gozag
Uskayaw

Annotations:
D:4 Dowan


Message History

Duvessa is almost dead.
Duvessa hits you with a +0 rapier.
* * * LOW HITPOINT WARNING * * *
Duvessa hits you but does no damage.
You hit Duvessa but do no damage.
Duvessa is almost dead.
You block Duvessa's attack. x2; Duvessa hits you but does no damage.
You hit Duvessa.
Duvessa is almost dead.
You block Duvessa's attack. x2
You hit Duvessa.
Duvessa is almost dead.
Duvessa hits you but does no damage. Duvessa hits you with a +0 rapier.
* * * LOW HITPOINT WARNING * * *
Your scale mail prevents you from hitting Duvessa.
Duvessa is almost dead.
Duvessa hits you but does no damage. You block Duvessa's attack.
Duvessa hits you but does no damage.
Your shield and scale mail prevent you from hitting Duvessa.
Duvessa is almost dead.
You block Duvessa's attack. Duvessa hits you with a +0 rapier.
* * * LOW HITPOINT WARNING * * *
You barely miss Duvessa.
Duvessa is almost dead.
You block Duvessa's attack. x3
You hit Duvessa.
You kill Duvessa!
Dowan screams, "No!
No!"
Dowan seems to find hidden reserves of power!
Dowan says, "Her death will not be in vain!"
Dowan hits you with a +4 dagger of speed.
* * * LOW HITPOINT WARNING * * *
Dowan hits you with a +4 dagger of speed.
* * * LOW HITPOINT WARNING * * *
Your Shields skill increases to level 5!
You barely miss Dowan.
Dowan is moderately wounded.
Dowan gestures at you while chanting. The stone arrow hits you!
You die...

#.# #........ # #.#
#########........ .##### #..
......##.#.....# ##..
...##e######.....#)#....##
##... #.................#.#.##
#..##### #..e.............#.#.#
..##...## #..# #...........#.#
.#......###(.####.........###.#
.........##..(.e@........####.#
.........##.#######...........#
##.......#..# ##...########
#....).##.#########.###
#......#....).......#
####..#..############ ##...##
#####


You could see Dowan (fast).

Vanquished Creatures
  A wyvern (D:4)
  Menkaure (D:4)
  Duvessa (D:4)
  A gnoll shaman (D:4)
  An iguana (D:4)
  A hound skeleton (D:4)
  An adder (D:2)
  8 gnolls
  3 worms
  A dart slug (D:2)
  An orc (D:4)
  6 ball pythons
  10 endoplasms
  5 giant cockroaches
  6 goblins
  7 hobgoblins
  3 jackals (D:2)
  5 kobolds
  5 quokkas
  3 bats
  3 frilled lizards (D:2)
  8 rats
81 creatures vanquished.

Notes
Turn   | Place    | Note
-------+----------+-------------------------------------------
     0 | D:1      | patchburns1 the Hill Orc Fighter began the quest for the
                  | Orb.
     0 | D:1      | Reached XP level 1. HP: 19/19 MP: 1/1
   190 | D:1      | Reached XP level 2. HP: 15/27 MP: 2/2
   875 | D:2      | Reached XP level 3. HP: 25/33 MP: 3/3
  1277 | D:2      | Reached XP level 4. HP: 18/40 MP: 4/4
  1283 | D:2      | Reached skill level 1 in Dodging
  2249 | D:3      | Found a hide-covered altar of Uskayaw.
  3140 | D:4      | Noticed Menkaure
  3151 | D:4      | Killed Menkaure
  3152 | D:4      | Reached XP level 5. HP: 19/46 MP: 5/5
  3152 | D:4      | Reached XP level 6. HP: 22/52 MP: 6/6
  3423 | D:4      | Found an opulent altar of Gozag.
  3571 | D:4      | Reached skill level 5 in Axes
  4036 | D:4      | Found the +3 crown of Dyrovepreva {rElec Int+2 SInv}
  4133 | D:4      | Noticed a wyvern
  4145 | D:4      | HP: 2/53 [wyvern (11)]
  4154 | D:4      | HP: 2/53 [wyvern (11)]
  4158 | D:4      | Killed a wyvern
  4159 | D:4      | Reached skill level 5 in Armour
  4159 | D:4      | Reached XP level 7. HP: 3/60 MP: 7/7
  4557 | D:4      | Noticed Duvessa
  4558 | D:4      | Noticed Dowan
  4587 | D:4      | Killed Duvessa
  4588 | D:4      | Reached skill level 5 in Shields
  4588 | D:4      | Killed from afar by Dowan

Illustrated notes

Levels and vault maps discovered:
D:1:      lemuel_arrival_broad_hall, layout_basic, minmay_misc_feat_plants,
          minmay_tiny_reverse_x
D:2:      layout_loops_cross, grunt_ministairs_11
D:3:      layout_loops_corners, marbit_many_paths
D:4:      layout_loops_ring, lemuel_crystal_altar, kennysheep_nondescript,
          minmay_manual_moon, uniq_blork_the_orc, uniq_menkaure, uniq_duvessa

Skill      XL: |  1  2  3  4  5  6  7 |
---------------+----------------------+-----
Axes           | 3 4 5 |  5.8
Fighting       | 4 |  4.8
Dodging        | 1 |  1.7
Shields        | 4 5 |  5.1
Armour         | 4 5 |  5.5
Stealth        | |  0.4

Action                   |  1- 3 |  4- 6 |  7- 9 || total
-------------------------+-------+-------+-------++-------
Melee: War axe           |   107 |   166 |    39 ||   312
Throw: Dart              |       |       |     2 ||     2
  Use: Potion            |       |     2 |       ||     2
Armor: Scale mail        |    45 |    71 |    21 ||   137
       Ring mail         |       |     7 |       ||     7
Dodge: Dodged            |    21 |    46 |     4 ||    71
Block: Kite shield       |    31 |       |       ||    31
       Tower shield      |    51 |   135 |    49 ||   235

Table legend: (Time is in decaauts)
 A = Elapsed time spent in this place.
 B = Non-inter-level travel time spent in this place.
 C = Inter-level travel time spent in this place.
 D = Time resting spent in this place.
 E = Time spent auto-exploring this place.
 F = Levels seen in this place.
 G = Mean time per level.
                   A        B        C        D        E       F      G
               +--------+--------+--------+--------+--------+-----+--------+
         Total |   4802 |   4620 |    182 |   1109 |   2008 |   4 | 1200.5 |
       Dungeon |   4802 |   4620 |    182 |   1109 |   2008 |   4 | 1200.5 |
               +--------+--------+--------+--------+--------+-----+--------+

Top non-repeatable levels by time:
     D:2: 1621 daAuts
     D:3: 1382 daAuts
     D:4: 966 daAuts
     D:1: 831 daAuts
